 Dungeon Crawl Stone Soup version 0.17-a0-1564-g7b572aa (webtiles) character file.

214341 xXxSWAGxYoLOxXx the Portalist (level 18, -4/76 HPs)
             Began as a Felid Wizard on July 21, 2015.
             Was the Champion of Sif Muna.
             Killed by Olgreb's Toxic Radiance
             ... invoked by a naga ritualist
              (9 damage)
             ... on level 3 of the Snake Pit.
             The game lasted 05:38:47 (89823 turns).

xXxSWAGxYoLOxXx the Portalist (Felid Wizard)       Turns: 89823, Time: 05:38:48

Health: -4/76      AC: 10    Str:  3    XL:     18   Next: 29%
Magic:  1/44       EV: 22    Int: 27    God:    Sif Muna [******]
Gold:   3466       SH:  0    Dex: 17    Spells: 15 memorised, 0 levels left
                                        Lives:  0   Deaths: 5

rFire  . . .     SeeInvis +     (weapon unavailable)
rCold  + . .     Clarity  +     (armour unavailable)
rNeg   . . .     SustAt   .     (shield unavailable)
rPois  .         Gourm    .     (helmet unavailable)
rElec  .         Spirit   .     (cloak unavailable)
rCorr  .         Warding  .     (gloves unavailable)
rMut   .         Stasis   .     (boots unavailable)
MR     ++...                    n - amulet of faith
Stlth  +++.......               M - +3 ring of protection
                                E - +4 ring of protection

@: quick, very resistant to hostile enchantments, fairly stealthy
A: no armour, no weapons or thrown items, claws 1, fangs 3, see invisible, agile
1, carnivore 3, clarity, speed 1, shaggy fur 3, slow metabolism 1, spit poison
1, no device heal 1, sharp paws
a: Spit Poison, Channel Energy, Forget Spell, Renounce Religion
}: 1/15 runes: decaying


You were on level 3 of the Snake Pit.
You worshipped Sif Muna.
Sif Muna was exalted by your worship.
You were not hungry.

You visited 7 branches of the dungeon, and saw 38 of its levels.
You visited the Abyss 2 times.
You also visited: Labyrinth and Ice Cave.

You collected 4096 gold pieces.
You spent 630 gold pieces at shops.

Inventory:

Jewellery
 h - an uncursed amulet of warding {unknown}
 k - an uncursed ring of teleportation
 m - a cursed amulet of resist mutation
 n - an amulet of faith (around neck)
 s - an uncursed ring of positive energy
 t - an uncursed ring of poison resistance {unknown}
 E - a +4 ring of protection (left paw)
 L - an uncursed amulet of guardian spirit
 M - a +3 ring of protection (right paw)
 O - the ring "Dete" {Fire Dex+4 SInv}
   (You found it in a labyrinth)

   [ring of fire]

   It enhances your fire magic, and weakens your ice magic.
   It affects your dexterity (+4).
   It protects you from fire.
   It makes you vulnerable to cold.
   It lets you see invisible.
 V - an uncursed ring of protection from fire
Magical devices
 f - a wand of heal wounds (2)
 j - a wand of disintegration (8)
 A - a wand of draining (5)
 J - a wand of teleportation (6)
 T - a wand of heal wounds (2)
 X - a wand of invisibility (4)
 Y - a wand of disintegration (1)
 Z - a wand of heal wounds (6)
Scrolls
 d - a scroll of amnesia
 e - 17 scrolls of remove curse
 i - 5 scrolls of identify
 o - 7 scrolls of recharging
 D - a scroll of brand weapon {unknown}
 G - a scroll of magic mapping
 H - a scroll of torment {unknown}
 N - a scroll of blinking
 P - a scroll of fear
 U - 4 scrolls of teleportation
 W - a scroll of summoning
Potions
 g - 4 potions of lignification
 l - 5 potions of agility
 p - 4 potions of brilliance
 q - 2 potions of resistance
 r - a potion of heal wounds
 u - 2 potions of curing
 z - 8 potions of haste
 B - 3 potions of invisibility
 F - 5 potions of flight
Books
 a - a book of Ice

   Spells                             Type                      Level
   a - Ice Form                       Ice/Transmutation            4
   b - Metabolic Englaciation         Hexes/Ice                    5
   c - Ozocubu's Refrigeration        Ice                          6
   d - Bolt of Cold                   Conjuration/Ice              6
   e - Freezing Cloud                 Conjuration/Ice/Air          6
   f - Simulacrum                     Ice/Necromancy               6
 c - Sif Muna's Reference Book on Execration
   (Sif Muna gifted it to you on level 1 of the Snake Pit)

   Spells                             Type                      Level
   a - Ensorcelled Hibernation        Hexes/Ice                    2
   b - Gell's Gravitas                Hexes/Translocation          3
   c - Fulminant Prism                Conjuration/Hexes            4
   d - Cause Fear                     Hexes                        4
   e - Darkness                       Hexes                        7
 v - a book of Beasts

   Spells                             Type                      Level
   a - Summon Butterflies             Summoning                    1
   b - Call Canine Familiar           Summoning                    3
   c - Summon Ice Beast               Ice/Summoning                4
   d - Summon Mana Viper              Hexes/Summoning              5
   e - Summon Hydra                   Summoning                    7
Miscellaneous
 w - a sack of spiders
 x - a sack of spiders
 y - a box of beasts {used: 1}
Comestibles
 b - 11 meat rations
 C - 2 beef jerkies


   Skills:
 - Level 7.0 Fighting
 - Level 6.6 Dodging
 - Level 2.6 Stealth
 - Level 21.7 Spellcasting
 - Level 5.2 Conjurations
 - Level 10.0 Charms
   Level 1.0 Summonings
 - Level 23.2 Translocations
 - Level 3.4 Transmutations
 + Level 8.6 Ice Magic
 - Level 3.0 Air Magic
 - Level 8.0 Invocations


You couldn't memorise any spells.
You knew the following spells:

 Your Spells              Type           Power        Failure   Level  Hunger
a - Magic Dart            Conj           ####         1%          1    None
b - Mephitic Cloud        Conj/Pois/Air  #####...     1%          3    None
c - Deflect Missiles      Chrm/Air       ######....   17%         6    None
d - Conjure Flame         Conj/Fire      #####...     1%          3    None
e - Blink                 Tloc           N/A          0%          2    None
f - Controlled Blink      Tloc           N/A          1%          7    ###....
g - Swiftness             Chrm/Air       ######..     1%          2    None
h - Ice Form              Ice/Trmt       ######..     1%          4    None
i - Haste                 Chrm           ######..     4%          6    None
j - Force Lance           Conj/Tloc      #######.     1%          4    None
k - Phase Shift           Tloc           ########..   0%          5    None
l - Iskenderun's Battles  Conj/Chrm      ######..     1%          5    None
m - Teleport Other        Tloc           ########     0%          3    None
n - Ozocubu's Armour      Chrm/Ice       ######..     1%          3    None
o - Freezing Cloud        Conj/Ice/Air   ######....   21%         6    None


Dungeon Overview and Level Annotations

Branches:
Dungeon (15/15)            Temple (1/1) D:4            Lair (8/8) D:9
  Swamp (4/4) Lair:5        Snake (3/4) Lair:4        Slime (0/6) Lair:7
    Orc (4/4) D:9             Elf (3/3) Orc:3        Vaults (0/5) D:14
 Depths (0/5) D:15

Altars:
Ashenzari
Cheibriados
Elyvilon
Fedhas
Gozag
Kikubaaqudgha
Makhleb
Nemelex Xobeh
Okawaru
Qazlal
Ru
Sif Muna
Trog
Vehumet
Xom
Yredelemnul
Zin
The Shining One
Beogh
Jiyva

Shops:
Orc:3 !   Orc:4 =}%(}

Annotations:
D:3 Grinder, Sigmund
D:4 George's ghost, average DsGl
D:10 Harold
Snake:2 Vashnia
Snake:3 exclusion: Roxanne, Roxanne
Orc:3 Josephine
Elf:2 5 runed doors


Innate Abilities, Weirdness & Mutations

You cannot wear armour.
You are incapable of wielding weapons or throwing items.
You have sharp claws.
You have razor-sharp teeth.
You have supernaturally acute eyesight.
You are carnivorous and can eat meat at any time.
You cover ground quickly.
Your thick and shaggy fur keeps you warm (AC +3, rC+).
You have a slow metabolism.
Your sharp claws are effective at attacking unaware monsters.
You are agile. (Dex +2)
You possess an exceptional clarity of mind.
You can spit weak poison.
Potions and wands are less effective at restoring your health.


Message History

* * * LOW MAGIC WARNING * * *
The anaconda bites you!
* * * LOW HITPOINT WARNING * * *
The anaconda constricts you.
The naga ritualist gestures wildly while chanting.
The naga ritualist begins to radiate toxic energy.
The anaconda closely misses you. The anaconda constricts you.
Unknown command.
Read which item? (? for menu, Esc to quit)
As you read the scroll of fear, it crumbles to dust.
You assume a fearsome visage.
Your battlesphere is unaffected.
The naga ritualist looks frightened!
The naga looks frightened!
The anaconda looks frightened!
You feel sick.
* * * LOW HITPOINT WARNING * * *
You are more poisoned.
The anaconda loses its grip on you.
Drink which item? (? for menu, Esc to quit)
You feel better.
You die...

.. .........# ##.
.#.........######..
..#.#..............
......#.....####.#
......##..#..###.#
###.....##......##.. .
##..S............)...
....#.<.)#..####.....#...
.........@*)............##
......#####:N#####...)[...
≈..... ##.N#####........
..... #..(............#
..... ###.#[....)......##
.... #...........#.....#.
.... ......#....).....##..
....###NN.......(....
.....##....N.........


You could see an anaconda (fleeing), a naga ritualist (fleeing) and a naga
(fleeing).

Vanquished Creatures
  5 deep elf blademasters (Elf:3)
  An Ice Fiend (IceCv)
  3 deep elf master archers (Elf:3)
  Gastronok (Lair:2)
  2 thorn hunters
  Kirke (Swamp:2)
  A greater naga (Snake:3)
  Donald (D:14)
  Maud (D:13)
  An orc warlord (Orc:4)
  4 deep elf sorcerers (Elf:3)
  A stone giant (Orc:3)
  A deep elf demonologist (Elf:3)
  8 deep elf annihilators
  A minotaur (Lab)
  A fire dragon (D:14)
  5 deep elf death magi
  The ghost of PooFace the Basher, a powerful TrBe of Trog (Lair:1)
  2 deep elf high priests
  A catoblepas (Lair:7)
  24 hydras
  8 naga warriors
  2 ghost crabs
  7 anacondas
  The ghost of xXxSWAGxYoLOxXx the Bludgeoner, an experienced OgHu of Makhleb (D:9)
  9 centaur warriors
  A tengu warrior (D:14)
  2 dancing weapons (Elf:2)
  14 alligators
  5 orc high priests
  7 death yaks (Lair:8)
  3 shock serpents
  4 naga sharpshooters
  A titan zombie (Orc:3)
  A salamander mystic (Snake:3)
  9 deep elf knights
  4 ice devils (IceCv)
  3 sea snakes (Snake:3)
  6 skeletal warriors
  6 deep elf summoners
  2 unseen horrors
  13 swamp dragons
  3 ice statues
  6 shambling mangroves
  Pikel (D:9)
  A shadow dragon zombie (D:15)
  22 hill giants
  A necromancer (D:15)
  A phantasmal warrior (D:15)
  3 griffons
  9 mana vipers
  3 naga ritualists
  An anubis guard (shapeshifter) (Elf:2)
  16 deep elf conjurers
  8 orc knights
  A sphinx zombie (D:15)
  A wolf spider (D:15)
  2 hornets
  11 ugly things
  5 salamanders
  8 orc sorcerers
  2 stone giant zombies (Orc:3)
  A centaur zombie (D:14)
  2 manticores (D:15)
  20 black mambas
  A guardian serpent (shapeshifter) (D:14)
  14 naga magi
  A gargoyle (D:14)
  7 cyclopes
  A guardian serpent (Snake:3)
  3 centaur skeletons
  A torpor snail (Lair:8)
  24 spiny frogs
  5 komodo dragons
  10 deep elf priests
  11 trolls
  A tengu conjurer (D:14)
  6 fire drakes
  5 spriggan druids
  10 blue devils (IceCv)
  11 polar bears
  7 two-headed ogres
  10 giant leeches
  A harpy skeleton (D:15)
  28 blink frogs
  25 slime creatures
  10 bog bodies
  An ice dragon zombie (D:15)
  A deep troll zombie (D:15)
  A shadow (Swamp:1)
  A trapdoor spider (D:14)
  4 wraiths
  20 spriggans
  5 wyverns
  3 redbacks (Lair:8)
  A tarantella (shapeshifter) (Elf:2)
  2 hogs
  3 vampires
  2 water elementals (D:14)
  2 basilisks
  18 deep elf fighters
  14 hippogriffs
  22 deep elf magi
  63 yaks
  A golden eye (shapeshifter) (D:15)
  52 wolves
  16 humans (D:14)
  3 hungry ghosts
  5 wargs
  24 vampire mosquitoes
  28 swamp worms
  30 insubstantial wisps
  23 water moccasins
  A soldier ant (D:13)
  28 wasps
  25 nagas
  12 porcupines
  A black bear (shapeshifter) (Elf:1)
  A porcupine (shapeshifter) (Elf:1)
  3 sky beasts
  4 ice beasts
  7 black bears
  34 orc warriors
  14 swamp drakes
  An ice beast (shapeshifter) (D:14)
  A phantom (D:11)
  A slave (D:9)
  3 boggarts (D:14)
  2 eyes of draining
  29 centaurs
  A crocodile (shapeshifter) (D:14)
  16 crocodiles
  3 big kobolds
  24 giant frogs
  17 ogres
  A cyclops zombie (Orc:3)
  A gnoll sergeant (D:6)
  8 scorpions
  14 killer bees
  5 electric eels
  3 wights (D:14)
  5 crimson imps
  A quasit (D:8)
  A gnoll shaman (D:9)
  5 hounds
  8 jellies
  A giant frog zombie (D:12)
  11 iguanas
  2 wasp zombies
  Ijyb (D:2)
  32 orc priests
  A giant frog skeleton (D:10)
  5 hell rats (Lair:5)
  37 orc wizards
  7 worker ants
  19 sheep
  2 worker ant zombies
  16 adders
  10 gnolls
  77 river rats
  A shadow imp (D:7)
  6 white imps (IceCv)
  6 ufetubi (IceCv)
  3 oozes
  2 worms
  223 orcs
  5 ball pythons
  24 bats
  A bat skeleton (D:5)
  A bat zombie (D:6)
  3 giant cockroaches
  25 goblins
  13 hobgoblins
  7 jackals
  4 quokkas
  8 giant geckos
  9 giant newts
  A jackal zombie (D:6)
  27 kobolds
  15 rats
  2 crawling corpses (Elf:3)
  2 fungi
1728 creatures vanquished.

Vanquished Creatures (collateral kills)
  A phantom (D:9)
  An orc (D:9)
2 creatures vanquished.

Vanquished Creatures (others)
  A giant leech (Swamp:4)
  2 humans (Swamp:2)
  3 slaves (D:9)
  A centaur (D:14)
  A killer bee (D:9)
  4 orc wizards (Orc:4)
  2 orc priests (Orc:4)
  4 white imps (IceCv)
  An ufetubus (IceCv)
  An adder zombie (D:9)
  9 orcs
  A briar patch (Swamp:2)
  2 bushes (Lair:8)
  95 fungi
  60 plants
187 creatures vanquished.

Grand Total: 1917 creatures vanquished

Notes
Turn   | Place    | Note
--------------------------------------------------------------
     0 | D:1      | xXxSWAGxYoLOxXx the Felid Wizard began the quest for the Orb.
     0 | D:1      | Reached XP level 1. HP: 7/7 MP: 5/5
     6 | D:1      | Reached skill level 1 in Conjurations
   550 | D:1      | Reached XP level 2. HP: 6/11 MP: 0/7
  1862 | D:2      | Reached XP level 3. HP: 14/14 MP: 5/8
  1872 | D:2      | Learned a level 3 spell: Mephitic Cloud
  1875 | D:2      | Learned a level 2 spell: Repel Missiles
  2459 | D:2      | Reached XP level 4. HP: 18/18 MP: 5/9
  2649 | D:2      | Slain by an iguana
  2650 | D:2      | Reached XP level 3. HP: -3/14 MP: 1/8
  2942 | D:2      | Noticed Ijyb
  3034 | D:2      | Killed Ijyb
  3034 | D:2      | Reached skill level 4 in Conjurations
  3034 | D:2      | Reached XP level 4. HP: 15/18 MP: 0/9
  3292 | D:3      | Learned a level 3 spell: Conjure Flame
  3395 | D:3      | Noticed Sigmund
  3568 | D:3      | Found a sparkling altar of Nemelex Xobeh.
  3808 | D:3      | Noticed Grinder
  4125 | D:4      | Found a stormy altar of Qazlal.
  4293 | D:4      | Found a staircase to the Ecumenical Temple.
  4366 | Temple   | Entered the Ecumenical Temple
  4401 | Temple   | Became a worshipper of Sif Muna the Loreminder
  4449 | D:4      | Reached XP level 5. HP: 21/21 MP: 2/10
  4575 | D:4      | Reached skill level 5 in Conjurations
  4586 | D:4      | Noticed George's ghost (average DsGl)
  5211 | D:5      | Entered Level 5 of the Dungeon
  5539 | D:5      | Gained mutation: You are covered in thick fur (AC +2). [Felid growth]
  5539 | D:5      | Reached XP level 6. HP: 25/25 MP: 4/12
  5879 | D:6      | Learned a level 2 spell: Blink
  6018 | D:6      | Acquired Sif Muna's first power
  6113 | D:6      | Reached skill level 5 in Spellcasting
  6496 | D:6      | Found a sparkling altar of Nemelex Xobeh.
  6526 | D:6      | Reached XP level 7. HP: 22/28 MP: 8/16
  7128 | D:6      | Reached skill level 6 in Spellcasting
  7135 | D:6      | Learned a level 2 spell: Call Imp
  7986 | D:6      | Reached skill level 7 in Spellcasting
  8129 | D:6      | Found a shattered altar of Ashenzari.
  8132 | D:6      | Found a burning altar of Makhleb.
  8150 | D:6      | Found a white marble altar of Elyvilon.
  8316 | D:7      | Acquired Sif Muna's second power
  8319 | D:7      | Reached XP level 8. HP: 18/31 MP: 11/20
  8567 | D:7      | Reached skill level 8 in Spellcasting
  8883 | D:7      | Reached skill level 9 in Spellcasting
  9777 | D:8      | Found an iron altar of Okawaru.
  9937 | D:8      | Reached skill level 10 in Spellcasting
  9937 | D:8      | Reached XP level 9. HP: 34/34 MP: 14/24
 10376 | D:8      | Acquired Sif Muna's third power
 10451 | D:9      | Noticed xXxSWAGxYoLOxXx's ghost (experienced OgHu)
 10464 | D:9      | Slain by xXxSWAGxYoLOxXx's ghost
 10465 | D:9      | Reached XP level 8. HP: -4/31 MP: 12/23
 10660 | D:9      | Found a roughly hewn altar of Beogh.
 10870 | D:9      | Noticed Pikel
 10937 | D:10     | Entered Level 10 of the Dungeon
 11028 | D:9      | Reached skill level 5 in Translocations
 11849 | D:10     | Noticed Harold
 11872 | D:10     | Noticed a two-headed ogre
 11882 | D:10     | Killed a two-headed ogre
 11906 | D:9      | Reached XP level 9. HP: 34/34 MP: 2/24
 12225 | D:9      | Killed Pikel
 12225 | D:9      | Reached skill level 10 in Translocations
 12240 | D:9      | Reached skill level 11 in Translocations
 12327 | D:9      | Learned a level 2 spell: Swiftness
 12329 | D:9      | Learned a level 1 spell: Shock
 12351 | D:9      | Received a gift from Sif Muna
 12392 | D:9      | Learned a level 1 spell: Animate Skeleton
 12604 | D:9      | Found a staircase to the Orcish Mines.
 12638 | D:9      | Reached skill level 12 in Translocations
 12802 | D:9      | Your ally Pikel died
 13767 | D:9      | Reached skill level 13 in Translocations
 13767 | D:9      | Reached XP level 10. HP: 16/38 MP: 15/25
 13981 | D:9      | Found a staircase to the Lair.
 14319 | D:9      | Reached skill level 14 in Translocations
 14693 | D:9      | Mangled by xXxSWAGxYoLOxXx's ghost
 14694 | D:9      | Reached XP level 9. HP: -9/34 MP: 1/24
 14694 | D:9      | Killed xXxSWAGxYoLOxXx's ghost
 14694 | D:9      | Received a gift from Sif Muna
 14694 | D:9      | Reached skill level 15 in Translocations
 14695 | D:9      | Identified Sif Muna's Guide on Dislocation (Sif Muna gifted it to you on level 9 of the Dungeon)
 14701 | D:9      | Learned a level 4 spell: Force Lance
 14707 | D:9      | Learned a level 5 spell: Phase Shift
 15272 | Orc:1    | Entered Level 1 of the Orcish Mines
 15272 | Orc:1    | Found a bloodstained altar of Trog.
 15876 | Orc:2    | Noticed an orc knight
 15888 | Orc:2    | Killed an orc knight
 15888 | Orc:2    | Reached XP level 10. HP: 31/38 MP: 6/25
 15891 | Orc:2    | Noticed an orc sorcerer
 15896 | Orc:2    | Paralysed by an orc sorcerer for 6 turns
 15915 | Orc:2    | Noticed a sun demon
 15952 | Orc:2    | Learned a level 3 spell: Gell's Gravitas
 15990 | Orc:2    | Noticed a cyclops
 16986 | D:11     | Noticed a four-headed hydra
 17011 | D:11     | Killed a four-headed hydra
 17212 | D:11     | Noticed an eight-headed hydra
 17224 | D:11     | Killed an eight-headed hydra
 18132 | D:11     | Noticed a hill giant
 18177 | D:11     | Killed a hill giant
 18177 | D:11     | Received a gift from Sif Muna
 19219 | Orc:1    | Reached XP level 11. HP: 41/41 MP: 24/28
 19311 | Orc:2    | Killed an orc sorcerer
 19392 | Orc:2    | Killed a cyclops
 19703 | Orc:2    | Learned a level 3 spell: Teleport Other
 19914 | Orc:3    | Noticed a hill giant
 20176 | Orc:3    | Found a staircase to the Elven Halls.
 20302 | Orc:3    | Noticed Josephine
 20560 | Orc:3    | Found Fuewk's Distillery.
 21336 | Orc:3    | Reached skill level 5 in Fighting
 21385 | Orc:3    | Noticed a hill giant
 21393 | Orc:3    | Killed a hill giant
 21448 | Orc:3    | Killed a hill giant
 21555 | Orc:3    | Noticed a hill giant
 21564 | Orc:3    | Killed a hill giant
 21632 | Orc:3    | Noticed an orc high priest
 21949 | Orc:3    | Gained mutation: You can spit weak poison. [potion of mutation]
 21949 | Orc:3    | Gained mutation: You can spit poison. [potion of mutation]
 21949 | Orc:3    | Gained mutation: Potions and wands are less effective at restoring your health. [potion of mutation]
 21950 | Orc:3    | Gained mutation: You possess an exceptional clarity of mind. [potion of mutation]
 21950 | Orc:3    | Gained mutation: Your body sometimes deteriorates upon taking damage. [potion of mutation]
 21950 | Orc:3    | Gained mutation: You are agile. (Dex +2) [potion of mutation]
 21951 | Orc:3    | Lost mutation: You can spit poison. [potion of cure mutation]
 21951 | Orc:3    | Lost mutation: You possess an exceptional clarity of mind. [potion of cure mutation]
 21951 | Orc:3    | Lost mutation: Your body sometimes deteriorates upon taking damage. [potion of cure mutation]
 22185 | Orc:3    | Noticed a hill giant
 22191 | Orc:3    | Killed a hill giant
 22389 | Orc:3    | Received a gift from Sif Muna
 22396 | Orc:3    | Identified Sif Muna's Collected Works on Displacement (Sif Muna gifted it to you on level 3 of the Orcish Mines)
 22541 | Orc:3    | Noticed a hill giant
 22567 | Orc:3    | Killed a hill giant
 23295 | Orc:3    | Noticed a hill giant
 23295 | Orc:3    | Paralysed by an orc sorcerer for 6 turns
 23301 | Orc:3    | Found a roughly hewn altar of Beogh.
 24872 | Orc:3    | Killed a hill giant
 24872 | Orc:3    | Reached skill level 16 in Translocations
 24872 | Orc:3    | Gained mutation: Your thick and shaggy fur keeps you warm (AC +3, rC+). [Felid growth]
 24872 | Orc:3    | Reached XP level 12. HP: 51/51 MP: 10/30
 25082 | Orc:3    | Killed an orc high priest
 25196 | Orc:3    | Noticed a hill giant
 25203 | Orc:3    | Killed a hill giant
 25331 | Orc:3    | Noticed a hill giant
 25333 | Orc:3    | Noticed a hill giant
 25334 | Orc:3    | Noticed a hill giant
 25344 | Orc:3    | Killed a hill giant
 25373 | Orc:3    | Killed a hill giant
 25373 | Orc:3    | Reached skill level 17 in Translocations
 25618 | Orc:3    | Noticed a hill giant
 25621 | Orc:3    | Killed a hill giant
 25621 | Orc:3    | Received a gift from Sif Muna
 25624 | Orc:3    | Identified Guronuin's Tome of the Destructive Compass (Sif Muna gifted it to you on level 3 of the Orcish Mines)
 25636 | Orc:3    | Learned a level 7 spell: Controlled Blink
 25659 | Orc:3    | Noticed a hill giant
 25716 | Orc:3    | Killed a hill giant
 25835 | Orc:3    | Noticed a stone giant
 25837 | Orc:3    | Noticed a hill giant
 25938 | Orc:3    | Noticed a titan zombie
 25961 | Orc:3    | Killed a stone giant
 25961 | Orc:3    | Reached skill level 18 in Translocations
 25984 | Orc:3    | Killed a titan zombie
 26194 | Orc:3    | Killed a hill giant
 26412 | Orc:3    | Killed a hill giant
 26538 | Lair:1   | Entered Level 1 of the Lair of Beasts
 26904 | Lair:1   | Noticed PooFace's ghost (powerful TrBe)
 27202 | Orc:4    | Entered Level 4 of the Orcish Mines
 27215 | Orc:4    | Reached skill level 19 in Translocations
 28231 | Orc:4    | Found Icwiliaz's Gadget Shoppe.
 28306 | Orc:4    | Noticed an orc warlord
 29683 | Orc:4    | Killed an orc warlord
 29683 | Orc:4    | Received a gift from Sif Muna
 29683 | Orc:4    | Reached XP level 13. HP: 54/54 MP: 9/31
 29684 | Orc:4    | Identified Qiupomp's Catalogue of the Nightingale (Sif Muna gifted it to you on level 4 of the Orcish Mines)
 29802 | Orc:4    | Reached skill level 20 in Translocations
 31676 | Orc:4    | Killed from afar by an orc sorcerer
 31677 | Orc:4    | Reached XP level 12. HP: -12/51 MP: 17/31
 31971 | Orc:4    | Found Iwnetoil's Weapon Emporium.
 31971 | Orc:4    | Found Bemaz's Food Boutique.
 31974 | Orc:4    | Found Mudor's Gadget Emporium.
 31974 | Orc:4    | Found Bouloke's Jewellery Boutique.
 31986 | Orc:4    | Bought a wand of heal wounds (3) for 630 gold pieces
 33109 | Lair:1   | Received a gift from Sif Muna
 33111 | Lair:1   | Killed PooFace's ghost
 33116 | Lair:1   | Identified Sif Muna's Grimoire of Hurtful Air (Sif Muna gifted it to you on level 1 of the Lair of Beasts)
 33140 | Lair:1   | Reached skill level 1 in Charms
 34151 | Lair:1   | Reached skill level 21 in Translocations
 34980 | Lair:2   | Found a glowing golden altar of the Shining One.
 35001 | Lair:2   | Noticed Gastronok
 35989 | Lair:2   | Reached XP level 13. HP: 54/54 MP: 27/32
 36307 | Lair:2   | Killed Gastronok
 36307 | Lair:2   | Received a gift from Sif Muna
 36308 | Lair:2   | Identified Ydebb's Almanac of Flamy Arcane Weapons (Sif Muna gifted it to you on level 2 of the Lair of Beasts)
 36649 | Lair:3   | Reached skill level 22 in Translocations
 37163 | Lair:3   | Reached skill level 5 in Charms
 37675 | Lair:3   | Learned a level 5 spell: Iskenderun's Battlesphere
 38731 | Lair:4   | Found a staircase to the Snake Pit.
 41041 | Lair:5   | Found a staircase to the Swamp.
 41350 | Lair:6   | Found a labyrinth entrance.
 41357 | Lab      | Entered a labyrinth
 41534 | Lab      | Got a fine platinum ring
 41558 | Lab      | Identified the ring "Dete" {Fire Dex+4 SInv} (You found it in a labyrinth)
 41572 | Lab      | Identified Riphileko's Catalogue of Flying Boosts (You found it in a labyrinth)
 41582 | Lab      | Identified the Handbook of the Traveller and Augmentations (You found it in a labyrinth)
 41801 | Lair:6   | Received a gift from Sif Muna
 41804 | Lair:6   | Identified Leoneal's Tome of the Mountains (Sif Muna gifted it to you on level 6 of the Lair of Beasts)
 42051 | Lair:2   | Reached skill level 23 in Translocations
 44124 | Lair:7   | Found a staircase to the Slime Pits.
 44124 | Lair:7   | Found a viscous altar of Jiyva.
 44290 | Lair:7   | Reached XP level 14. HP: 58/58 MP: 16/33
 45410 | Lair:8   | Entered Level 8 of the Lair of Beasts
 45802 | Lair:8   | Received a gift from Sif Muna
 45812 | Lair:8   | Identified Qentext's Incunabulum of Bewitchment (Sif Muna gifted it to you on level 8 of the Lair of Beasts)
 45980 | Lair:8   | Reached skill level 15 in Spellcasting
 49238 | Lair:8   | Received a gift from Sif Muna
 49239 | Lair:8   | Identified Sif Muna's Collected Works on Summoning (Sif Muna gifted it to you on level 8 of the Lair of Beasts)
 49481 | Lair:8   | Learned a level 6 spell: Haste
 51990 | D:12     | Reached XP level 15. HP: 61/61 MP: 15/36
 52445 | D:12     | Reached skill level 10 in Charms
 52777 | D:12     | Received a gift from Sif Muna
 52778 | D:12     | Identified Sif Muna's Almanac of Attacks (Sif Muna gifted it to you on level 12 of the Dungeon)
 53204 | Swamp:1  | Entered Level 1 of the Swamp
 55325 | Swamp:1  | Received a gift from Sif Muna
 55326 | Swamp:1  | Identified Sif Muna's Papyrus of Flying Self-Knowledge (Sif Muna gifted it to you on level 1 of the Swamp)
 55463 | Swamp:1  | Learned a level 3 spell: Ozocubu's Armour
 56274 | Swamp:2  | Noticed Kirke
 57206 | Swamp:2  | Killed Kirke
 57879 | Swamp:2  | Noticed a thorn hunter
 58833 | Swamp:2  | Killed a thorn hunter
 59341 | Swamp:2  | Received a gift from Sif Muna
 59342 | Swamp:2  | Identified Sif Muna's Reference Book on the Damaging Mountains (Sif Muna gifted it to you on level 2 of the Swamp)
 59489 | Swamp:1  | Paralysed by a wasp for 1 turns
 59681 | Swamp:2  | Found a snail-covered altar of Cheibriados.
 60207 | Swamp:2  | Learned a level 4 spell: Ice Form
 60432 | Swamp:3  | Reached skill level 1 in Transmutations
 60436 | Swamp:3  | Reached skill level 1 in Ice Magic
 60732 | Swamp:3  | Reached XP level 16. HP: 65/65 MP: 32/39
 61671 | Swamp:4  | Entered Level 4 of the Swamp
 63222 | Swamp:4  | Paralysed by a wasp for 1 turns
 63327 | Swamp:3  | Received a gift from Sif Muna
 64090 | Swamp:3  | Gained mutation: You possess an exceptional clarity of mind. [potion of beneficial mutation]
 66395 | Swamp:4  | Received a gift from Sif Muna
 66406 | Swamp:4  | Identified Sif Muna's Papyrus of Unstable Cold (Sif Muna gifted it to you on level 4 of the Swamp)
 66570 | Swamp:4  | Got a decaying rune of Zot
 67060 | Elf:1    | Entered Level 1 of the Elven Halls
 67311 | Elf:1    | Learned a level 6 spell: Deflect Missiles
 69259 | Elf:2    | Found a huge runed gate.
 69259 | Elf:2    | Found a huge runed gate.
 69259 | Elf:2    | Found a huge runed gate.
 69259 | Elf:2    | Found a huge runed gate.
 69262 | Elf:2    | Found a huge runed gate.
 69291 | Elf:2    | Found a radiant altar of Vehumet.
 69421 | Elf:1    | Reached skill level 1 in Air Magic
 69436 | Elf:1    | Reached XP level 17. HP: 57/69 MP: 19/42
 69955 | Elf:2    | Reached skill level 1 in Invocations
 70547 | Elf:3    | Entered Level 3 of the Elven Halls
 71910 | Elf:3    | Reached skill level 5 in Invocations
 73538 | Elf:3    | Cast into the Abyss (a deep elf sorcerer)
 73629 | Elf:3    | Escaped the Abyss
 73781 | Elf:3    | Reached skill level 5 in Dodging
 74178 | Elf:3    | Noticed a Hell Sentinel
 74682 | Elf:3    | Cast into the Abyss (drawing a card)
 74715 | Elf:3    | Escaped the Abyss
 75398 | D:13     | Received a gift from Sif Muna
 75399 | D:13     | Identified Sif Muna's Handbook of Vitriolic Arcane Weapons (Sif Muna gifted it to you on level 13 of the Dungeon)
 76070 | D:13     | Noticed Maud
 76084 | D:13     | Killed Maud
 76446 | D:14     | Found a gate to the Vaults.
 76561 | D:14     | Reached XP level 18. HP: 76/76 MP: 2/43
 77054 | D:14     | Noticed Donald
 77070 | D:14     | Killed Donald
 77767 | D:14     | Found an iron altar of Okawaru.
 78927 | D:14     | Received a gift from Sif Muna
 79671 | D:15     | Entered Level 15 of the Dungeon
 81343 | D:15     | Found a shimmering altar of Xom.
 81880 | D:15     | Found a staircase to the Depths.
 83048 | Snake:1  | Entered Level 1 of the Snake Pit
 83094 | Snake:1  | Received a gift from Sif Muna
 83095 | Snake:1  | Identified Sif Muna's Reference Book on Execration (Sif Muna gifted it to you on level 1 of the Snake Pit)
 84711 | Snake:2  | Noticed Vashnia
 85024 | Snake:1  | Learned a level 6 spell: Freezing Cloud
 85080 | Snake:2  | Found a frozen archway.
 85088 | IceCv    | Entered an ice cave
 86896 | Snake:2  | Shot with a bolt by Vashnia
 86897 | Snake:2  | Reached XP level 17. HP: -13/72 MP: 4/43
 86987 | Snake:3  | Received a gift from Sif Muna
 86993 | Snake:3  | Reached skill level 5 in Ice Magic
 87794 | Snake:3  | Found a glowing golden altar of the Shining One.
 87829 | Snake:3  | Reached XP level 18. HP: 76/76 MP: 17/44
 89210 | Snake:3  | Noticed Roxanne
 89762 | Snake:3  | Received a gift from Sif Muna
 89822 | Snake:3  | HP: 1/76 [naga ritualist/Olgreb's Toxic Radiance (10)]
 89823 | Snake:3  | Killed from afar by a naga ritualist

Vault maps used:
D:1:      noname_arrival_rooms_in_the_neighbourhood, minmay_shallow_snake_nest
D:2:      kennysheep_goblin_castle, first_bread, uniq_iyjb
D:3:      grunt_nemelex_the_gamble, uniq_sigmund, uniq_grinder
D:4:      nicolae_qazlal_general_emergency, minmay_temple_entry_mist
D:6:      nicolae_overflow_hidden_temple, grunt_temple_overflow_diamond,
          kennysheep_generic_room_7
D:7:      nicolae_ossuary_entry_false_entrances
D:8:      nicolae_overflow_crystal_walls
D:9:      lair_0_dummy, david_orc_5, uniq_pikel
D:10:     uniq_harold
D:13:     uniq_maud
D:14:     david_vaults_3, serial_park_square3
D:15:     gammafunk_depths_entry_grave, lemuel_statue_altar
Temple:   nicolae_temple_god_jail
Lair:1:   beast_lair_carwin_6
Lair:2:   basic_altar, st_stairs_11, uniq_gastronok
Lair:3:   serial_bayou_ford_a
Lair:4:   guppyfry_snake_entry_garden
Lair:5:   nicolae_swamp_entry_splash_gauntlet, infiniplex_staircase_pool
Lair:6:   lab_entry_generic
Lair:7:   slime_altar_1, bh_autumn_forest_stairs, lemuel_fruit_tree
Lair:8:   minmay_lair_end_enchanted_forest
Swamp:1:  serial_swamp_ruin, evilmike_swamp_ruin_house_1,
          evilmike_swamp_ruin_rubble_2
Swamp:2:  basic_altar, uniq_kirke
Swamp:3:  evilmike_swamp_ruin_house_4, swamp_pool3
Swamp:4:  swamp
Snake:2:  portal_ice_cave_entry_ice_statue_01, st_stairs_13, uniq_vashnia
Snake:3:  basic_altar, nicolae_snake_springs, uniq_roxanne
Orc:1:    bloody_trog
Orc:2:    nicolae_orc_damp_corner
Orc:3:    giant_chief_lemuel, basic_altar, serial_shops,
          nicolae_shop_behind_doors, nicolae_orc_pool_cavern, uniq_josephine
Orc:4:    grunt_orc_tribal_feast, serial_shops, nicolae_shop_statue_plus
Elf:1:    kennysheep_underground_church
Elf:2:    basic_altar, hex_large
Elf:3:    minmay_elf_hall, spider_trap
Abyss:1:  evilmike_abyss_exit_disperse
Lab:      nicolae_lab_dead_adventurers, nicolae_lab_arrow,
          nicolae_lab_checkerboard
IceCv:    ice_cave_small_demon

Action                   |  1- 3 |  4- 6 |  7- 9 | 10-12 | 13-15 | 16-18 || total
-------------------------+-------+-------+-------+-------+-------+-------++-------
Melee: Unarmed           |    68 |    41 |    31 |   137 |   111 |    11 ||   399
 Cast: Magic Dart        |   108 |   162 |   599 |   748 |   976 |   974 ||  3567
       Mephitic Cloud    |     2 |     8 |    67 |    69 |    27 |     2 ||   175
       Repel Missiles    |     2 |     1 |     1 |     7 |     1 |       ||    12
       Conjure Flame     |       |     4 |    49 |    75 |    20 |    25 ||   173
       Animate Skeleton  |       |       |    10 |       |       |       ||    10
       Blink             |       |       |     3 |    12 |       |     2 ||    17
       Force Lance       |       |       |       |   398 |   478 |   700 ||  1576
       Phase Shift       |       |       |       |    19 |    25 |    19 ||    63
       Teleport Other    |       |       |       |    20 |     1 |       ||    21
       Gell's Gravitas   |       |       |       |    11 |     1 |       ||    12
       Controlled Blink  |       |       |       |     1 |     7 |    17 ||    25
       Iskenderun's Batt |       |       |       |       |   234 |   285 ||   519
       Haste             |       |       |       |       |     8 |    14 ||    22
       Ozocubu's Armour  |       |       |       |       |     5 |    21 ||    26
       Ice Form          |       |       |       |       |     1 |    25 ||    26
       Deflect Missiles  |       |       |       |       |       |    14 ||    14
Invok: Channel Energy    |       |       |    48 |   189 |   168 |   277 ||   682
       Forget Spell      |       |       |       |       |     1 |     1 ||     2
Evoke: Wand              |       |       |     3 |     2 |       |     4 ||     9
       Deck              |       |       |       |       |       |     4 ||     4
       Box of beasts     |       |       |       |       |       |     1 ||     1
  Use: Scroll            |       |     5 |    13 |    15 |     9 |    12 ||    54
       Potion            |       |       |     5 |    16 |     7 |     5 ||    33
 Stab: Confused          |     1 |     4 |     1 |     1 |     1 |       ||     8
       Sleeping          |     1 |     2 |     1 |       |       |       ||     4
  Eat: Chunk             |    13 |    11 |    26 |    73 |    87 |    90 ||   300
       Pizza             |       |       |       |     1 |       |     2 ||     3
       Beef jerky        |       |       |       |       |     1 |     1 ||     2
